 Dungeon Crawl Stone Soup version 0.21.0-24-g2553a33 (webtiles) character file.

646 mistymad the Digger (level 7, 0/46 HPs)
             Began as an Octopode Earth Elementalist on Jan 19, 2018.
             Slain by Terence
             ... wielding a +4 mace of draining
              (1 damage)
             ... on level 3 of the Dungeon.
             The game lasted 00:08:17 (3223 turns).

mistymad the Digger (Octopode Earth Elementalist)   Turns: 3223, Time: 00:08:18

Health: 0/46       AC:  1    Str:  7    XL:     7   Next: 52%
Magic:  5/13       EV: 13    Int: 19    God:
Gold:   139        SH:  5    Dex: 13    Spells: 4/14 levels left

rFire    . . .     SeeInvis .   m - +0 dagger
rCold    . . .     Gourm    .   s - +0 buckler
rNeg     . . .     Faith    .   (helmet restricted)
rPois    .         Spirit   .   l - amulet of regeneration
rElec    .         Reflect  .   (no ring)
rCorr    .         Harm     .   (no ring)
MR       .....                  (no ring)
Stlth    +++.......             (no ring)
HPRegen  0.55/turn              (no ring)
MPRegen  0.13/turn              (no ring)
                                (no ring)
                                (no ring)

@: hasted, drained, very quick
A: almost no armour, stealthy swim, amphibious, 8 rings, constrict 8, camouflage
1, gelatinous body 1
a: no special abilities


You were on level 3 of the Dungeon.
You were not hungry.

You visited 1 branch of the dungeon, and saw 4 of its levels.

You collected 139 gold pieces.

Inventory:

Hand Weapons
 m - a +0 dagger (weapon)
Missiles
 b - 148 stones (quivered)
Armour
 s - a +0 buckler (worn)
Jewellery
 l - an amulet of regeneration (around mantle)
Wands
 r - a wand of polymorph (13)
Scrolls
 e - a scroll of immolation {unknown}
 f - 2 scrolls of fog {unknown}
 g - a scroll of identify {unknown}
 h - 2 scrolls of remove curse {unknown}
 j - a scroll of blinking {unknown}
 k - a scroll of enchant weapon {unknown}
 o - a scroll of teleportation {unknown}
 p - a scroll of noise {unknown}
Potions
 a - a potion of haste
 i - a potion of flight {unknown}
 n - a potion of degeneration {unknown}
Books
 d - a book of Geomancy

   Spells                             Type                      Level
   a - Sandblast                      Earth                        1
   b - Passwall                       Transmutation/Earth          2
   c - Stone Arrow                    Conjuration/Earth            3
   d - Petrify                        Transmutation/Earth          4
   e - Lee's Rapid Deconstruction     Earth                        5
Comestibles
 c - 7 rations
 q - 10 chunks of flesh


   Skills:
 + Level 3.3(2.7) Fighting
 - Level 2.0(1.4) Dodging
 - Level 2.6(2.1) Stealth
 - Level 4.1(3.5) Shields
 + Level 4.0(3.4) Spellcasting
 + Level 1.1(0.6) Transmutations
 + Level 4.8(4.2) Earth Magic


You had 4 spell levels left.
You knew the following spells:

 Your Spells              Type           Power        Failure   Level  Hunger
a - Sandblast             Erth           ###...       2%          1    None
b - Passwall              Tmut/Erth      ##........   9%          2    ##.....
c - Stone Arrow           Conj/Erth      ##....       19%         3    ###....
d - Petrify               Tmut/Erth      ##......     50%         4    ####...


Dungeon Overview and Level Annotations

Branches:
Dungeon (4/15)
 Temple: D:4-7

Altars:
Fedhas
Hepliaklqana
Kikubaaqudgha
Qazlal
Trog

Annotations:
D:3 Terence; happinesssam's ghost, weakling MfGl


Innate Abilities, Weirdness & Mutations

You cannot wear most types of armour.
You are very stealthy in the water. (Stealth+)
You are amphibious.
You can wear up to eight rings at the same time.
You can use your tentacles to constrict eight enemies at once.
Your skin changes colour to match your surroundings (Stealth+).
Your rubbery body absorbs attacks. (AC +1, EV +1)


Message History

This staircase leads to a travel-excluded area!
Enter next level anyway?
Okay, then.
This staircase leads to a travel-excluded area!
Enter next level anyway?
You feel yourself speed up.
You climb upwards.
Level annotation: Terence; happinesssam's ghost, weakling MfGl Terence hits you with a mace of draining.
* * * LOW HITPOINT WARNING * * *
You feel drained.
* * * LOW HITPOINT WARNING * * *
There is a stone staircase leading down, spattered with blood here.
You take 4 damage, and have 6/46 hp.
Okay, then.
It was a potion of haste.
You feel yourself speed up.
Terence hits you with a mace of draining.
* * * LOW HITPOINT WARNING * * *
You feel drained.
You die...

#..............#
#.####.####...########
####.####.####..........#
#.......#......########.#
#.##.##.######## #.###
#.##.##.# ######### #...#
#.##....###.......# ###.#
#........##.......# #.#
#..####..##....@..# #.#
#........##.....@.# #.#
##^##....##.......#
####.# #.##.##.##.......#
#....#
#.##.##.#####.#####
#.#### #...>...# #.....#
#.# ####.#### #####.# #.#
#.############.###.#
#........##........#


You could see Terence.

Vanquished Creatures
  Grinder (D:3)
  An ogre (D:4)
  2 phantoms (D:3)
  An orc priest (D:4)
  2 orc wizards (D:4)
  A worker ant (D:4)
  2 adders
  2 worms
  A dart slug (D:1)
  5 orcs (D:4)
  5 bats
  4 giant cockroaches
  7 goblins
  6 hobgoblins
  7 jackals
  A quokka (D:2)
  2 ball pythons
  3 frilled lizards
  5 kobolds
  6 rats
64 creatures vanquished.

Vanquished Creatures (others)
  A human (D:2)
1 creature vanquished.

Grand Total: 65 creatures vanquished

Notes
Turn   | Place    | Note
-------+----------+-------------------------------------------
     0 | D:1      | mistymad the Octopode Earth Elementalist began the quest for the Orb.
     0 | D:1      | Reached XP level 1. HP: 11/11 MP: 3/3
     6 | D:1      | Noticed a polar bear
     6 | D:1      | Noticed an anaconda
     7 | D:1      | Noticed a wyvern
     7 | D:1      | Noticed a worker ant
   244 | D:1      | Reached XP level 2. HP: 14/17 MP: 5/5
   800 | D:1      | Reached XP level 3. HP: 22/22 MP: 6/6
   907 | D:1      | Reached skill level 1 in Fighting
  1486 | D:2      | Found an ancient bone altar of Kikubaaqudgha.
  1489 | D:2      | Noticed a human
  1490 | D:2      | Killed a human
  2084 | D:3      | Found a blossoming altar of Fedhas.
  2088 | D:3      | Learned a level 2 spell: Passwall
  2092 | D:3      | Learned a level 3 spell: Stone Arrow
  2105 | D:3      | Found a stormy altar of Qazlal.
  2144 | D:3      | Found a hazy altar of Hepliaklqana.
  2232 | D:3      | Noticed Grinder
  2243 | D:3      | Found a faded altar of an unknown god.
  2244 | D:3      | Noticed a phantom
  2259 | D:3      | Killed a phantom
  2259 | D:3      | Reached XP level 4. HP: 29/29 MP: 1/8
  2259 | D:3      | Reached XP level 5. HP: 34/34 MP: 1/9
  2461 | D:3      | Noticed happinesssam's ghost (weakling MfGl)
  2537 | D:3      | Killed Grinder
  2537 | D:3      | Reached XP level 6. HP: 22/42 MP: 4/11
  2543 | D:3      | Learned a level 4 spell: Petrify
  2579 | D:3      | Noticed a phantom
  2610 | D:3      | Killed a phantom
  2762 | D:3      | Noticed Terence
  2974 | D:4      | Reached XP level 7. HP: 46/46 MP: 7/12
  3183 | D:4      | Found a bloodstained altar of Trog.
  3223 | D:3      | HP: 1/46 [Terence/mace of draining (6)]
  3223 | D:3      | Slain by Terence

Skill      XL: |  1  2  3  4  5  6  7 |
---------------+----------------------+-----
Fighting       | 2 3 |  3.3
Spellcasting   | 3 4 |  4.0
Earth Magic    | 4 |  4.8
Shields        | 3 4 |  4.1
Dodging        | |  2.0
Stealth        | |  2.6
Transmutations | |  1.1

Action                   |  1- 3 |  4- 6 |  7- 9 || total
-------------------------+-------+-------+-------++-------
Melee: Unarmed           |    85 |       |       ||    85
       Constrict         |    29 |     2 |     3 ||    34
       Tentacles         |    16 |     1 |     4 ||    21
       Dagger            |    11 |     8 |    13 ||    32
 Cast: Sandblast         |    25 |    25 |    24 ||    74
  Use: Potion            |       |       |     1 ||     1
 Stab: Sleeping          |     8 |     4 |       ||    12
  Eat: Chunk             |     3 |     3 |     1 ||     7
Armor: Skin              |    15 |       |       ||    15
Dodge: Dodged            |    73 |    10 |    15 ||    98
Block: Buckler           |       |       |     1 ||     1
